 Dungeon Crawl Stone Soup version 0.27.0-1-g7a089689b8 (webtiles) character file.

Game seed: 10038806464330355419

94 Gaball the Cudgeller (level 4, -3/63 HPs)
             Began as a Minotaur Berserker on Aug 1, 2021.
             Was a Believer of Trog.
             Slain by an ogre (31 damage)
             ... on level 3 of the Dungeon.
             The game lasted 00:03:27 (3330 turns).

Gaball the Cudgeller (Minotaur Berserker)           Turns: 3330, Time: 00:03:27

Health: -3/63      AC:  2    Str: 22    XL:     4   Next: 38%
Magic:  3/3        EV: 12    Int:  4    God:    Trog [**....]
Gold:   96         SH:  0    Dex: 10    Spells: 3/3 levels left

rFire    . . .     SeeInvis .   a - +0 mace
rCold    . . .     Faith    .   (no shield)
rNeg     . . .     Spirit   .   b - +0 animal skin
rPois    .         Reflect  .   (helmet restricted)
rElec    .         Harm     .   (no cloak)
rCorr    .         Rampage  .   (no gloves)
Will     .....                  (no boots)
Stlth    ..........             (no amulet)
HPRegen  0.20/turn              (no ring)
MPRegen  0.08/turn              (no ring)

@: berserking, very quick
A: horns 2, retaliatory headbutt
a: Renounce Religion, Berserk, Trog's Hand


You were on level 3 of the Dungeon.
You worshipped Trog.
Trog was pleased with you.
You visited 1 branch of the dungeon, and saw 3 of its levels.

You collected 96 gold pieces.

Inventory:

Hand Weapons
 a - a +0 mace (weapon)
Armour
 b - a +0 animal skin (worn)
Jewellery
 f - a ring of resist corrosion
Scrolls
 d - 3 scrolls of identify {unknown}
 e - a scroll of amnesia {unknown}
 h - a scroll of acquirement {unknown}
 j - a scroll of silence {unknown}
 k - a scroll of blinking {unknown}
 m - a scroll of teleportation {unknown}
Potions
 c - a potion of flight {unknown}
 g - a potion of resistance {unknown}
 i - a potion of curing {unknown}
 l - 2 potions of heal wounds {unknown}


   Skills:
 + Level 5.0 Fighting
 + Level 5.1 Maces & Flails
 - Level 2.5 Armour
 - Level 2.2 Dodging


You had 3 spell levels left.
You didn't know any spells.
Your spell library was empty.

Dungeon Overview and Level Annotations

Branches:
Dungeon (3/15)

Altars:
Nemelex Xobeh


Innate Abilities, Weirdness & Mutations

You have a pair of horns on your head.
You reflexively headbutt those who attack you in melee.


Message History

Found an escape hatch in the floor.
Found a stone staircase leading up.
There is an open door here.
An endoplasm is nearby!
An endoplasm is nearby!
Found a stone staircase leading down.
The endoplasm quivers.
You thump the endoplasm!
You kill the endoplasm!
Trog accepts your kill.
No target in view!
No target in view!
There is a stone staircase leading up here.
You open the door.
There is an open door here.
A rat comes into view.
A rat is nearby!
A rat is nearby!
You barely miss the rat. The rat bites you.
You hit the rat. Your headbutt misses the rat.
The rat is heavily wounded.
The rat bites you. The rat misses you. You furiously retaliate!
You headbutt the rat.
You kill the rat!
Trog accepts your kill.
No target in view!
No target in view!
HP restored.
An ogre comes into view. It is wielding a +0 giant spiked club.
The ogre shouts!
An ogre is nearby!
An ogre is nearby!
A red film seems to cover your vision as you go berserk!
You feel yourself moving faster!
You feel mighty!
The ogre hits you with a +0 giant spiked club!!
Ouch! That really hurt!
You completely miss the ogre. You sock the ogre!
The ogre is moderately wounded.
The ogre hits you with a +0 giant spiked club!!
You die...

### #.#######
#.O...... #@#
#######.# ##.......#
#......### #......#
######### #......###
#........
#........####.#######
##.......'..<.......#
#####...####.#.###.#.#


You could see an ogre.

Vanquished Creatures
  Robin (D:2)
  An adder (D:2)
  A worm (D:2)
  5 endoplasms
  2 giant cockroaches (D:1)
  12 goblins
  7 hobgoblins
  9 jackals
  5 kobolds
  2 quokkas (D:2)
  5 ball pythons
  4 bats
  6 rats
60 creatures vanquished.

Notes
Turn   | Place    | Note
-------+----------+-------------------------------------------
     0 | D:1      | Gaball the Minotaur Berserker began the quest for the Orb.
     0 | D:1      | Reached XP level 1. HP: 19/19 MP: 0/0
   324 | D:1      | Reached XP level 2. HP: 26/27 MP: 1/1
  1040 | D:1      | Reached XP level 3. HP: 30/33 MP: 2/2
  2148 | D:2      | Reached ** piety under Trog
  2217 | D:2      | Noticed Robin
  2244 | D:2      | Killed Robin
  2245 | D:2      | Reached skill level 5 in Maces & Flails
  2245 | D:2      | Reached XP level 4. HP: 7/41 MP: 3/3
  2914 | D:2      | Reached skill level 5 in Fighting
  3082 | D:2      | Found a sparkling altar of Nemelex Xobeh.
  3327 | D:3      | Noticed an ogre
  3330 | D:3      | Slain by an ogre

Illustrated notes

Levels and vault maps discovered:
D:1:      evilmike_arrival_crescent, layout_basic, serial_rivers,
          chequers_serial_rivers_micro_b, chequers_serial_rivers_micro_a,
          chequers_serial_rivers_small_3, chequers_serial_rivers_room_a,
          fountainhead
D:2:      layout_basic, basic_altar, uniq_robin
D:3:      cheibrodos_thug_alley, layout_basic,
          ebering_ecumenical_altar_petrified, minmay_joined_circles

Skill      XL: |  1  2  3  4 |
---------------+-------------+-----
Maces & Flails | 4 5 |  5.1
Fighting       | 4 5 |  5.0
Armour         | |  2.5
Dodging        | |  2.2

Action                   |  1- 3 |  4- 6 || total
-------------------------+-------+-------++-------
Melee: Mace              |    92 |    27 ||   119
       Headbutt          |     9 |     4 ||    13
Invok: Berserk           |     1 |     1 ||     2
       Trog's Hand       |     1 |       ||     1
 Stab: Sleeping          |     1 |     1 ||     2
Armor: Animal skin       |    13 |     7 ||    20
Dodge: Dodged            |    68 |    10 ||    78
